 Dungeon Crawl Stone Soup version 0.30-a0-374-g95c0257040 (webtiles) character file.

Game seed: 14611351036918757516

595 gruber the Chiller (level 7, -7/51 HPs)
             Began as a Gnoll Ice Elementalist on Nov 26, 2022.
             Mangled by a two-headed ogre
             ... wielding a +0 giant spiked club
              (31 damage)
             ... on level 6 of the Dungeon.
             The game lasted 00:02:58 (3759 turns).

gruber the Chiller (Gnoll Ice Elementalist)         Turns: 3759, Time: 00:02:59

Health: -7/51      AC:  9    Str:  8    XL:     7   Next: 40%
Magic:  10/15      EV: 13    Int: 16    God:
Gold:   350        SH:  0    Dex: 12    Spells: 10/17 levels left

rFire   . . .      SeeInvis .    q - +5 dagger "Jibusipt" {venom, rPois}
rCold   . . .      Faith    .    (no shield)
rNeg    . . .      Spirit   .    a - +0 robe
rPois   +          Reflect  .    (no helmet)
rElec   .          Harm     .    (no cloak)
rCorr   +          Rampage  .    (no gloves)
Will    .....                    (no boots)
Stlth   +++.......               (no amulet)
HPRegen 0.28/turn                l - ring of flight
MPRegen 0.14/turn                m - ring of resist corrosion

@: ice-armoured, flying
A: fangs 1, strong nose, distributed training
a: no special abilities


You were on level 6 of the Dungeon.
You visited 1 branch of the dungeon, and saw 6 of its levels.

You collected 350 gold pieces.

Inventory:

Hand Weapons
 i - a +2 sling of freezing
 q - the +5 dagger "Jibusipt" (weapon) {venom, rPois}
   (You found it on level 3 of the Dungeon)

   It poisons the flesh of those it strikes.
   rPois:     It protects you from poison.
Armour
 a - a +0 robe (worn)
Jewellery
 l - a ring of flight (left hand)
 m - a ring of resist corrosion (right hand)
 r - a ring of willpower
Scrolls
 d - 2 scrolls of enchant weapon {unknown}
 e - 9 scrolls of identify {unknown}
 g - a scroll of torment {unknown}
 n - 2 scrolls of blinking {unknown}
 o - a scroll of immolation {unknown}
 s - 2 scrolls of amnesia {unknown}
 t - a scroll of fog {unknown}
 u - a scroll of enchant armour {unknown}
Potions
 b - a potion of magic
 c - a potion of might {unknown}
 h - 4 potions of haste {unknown}
 j - a potion of brilliance {unknown}
 k - 6 potions of curing {unknown}
 p - 2 potions of attraction {unknown}


   Skills:
 + Level 2.5 Fighting
 + Level 2.5 Short Blades
 + Level 2.5 Long Blades
 + Level 2.5 Axes
 + Level 2.5 Maces & Flails
 + Level 2.5 Polearms
 + Level 2.5 Staves
 + Level 2.5 Ranged Weapons
 + Level 2.5 Throwing
 + Level 2.5 Armour
 + Level 5.3 Dodging
 + Level 4.9 Stealth
 + Level 2.5 Shields
 + Level 2.5 Unarmed Combat
 + Level 5.6 Spellcasting
 + Level 2.1 Conjurations
 + Level 2.1 Hexes
 + Level 2.1 Summonings
 + Level 2.1 Necromancy
 + Level 2.1 Translocations
 + Level 2.1 Transmutations
 + Level 2.1 Fire Magic
 + Level 7.4 Ice Magic
 + Level 2.1 Air Magic
 + Level 2.1 Earth Magic
 + Level 2.1 Poison Magic
 + Level 2.8 Invocations
 + Level 2.5 Evocations


You had 10 spell levels left.
You knew the following spells:

 Your Spells              Type           Power      Damage    Failure   Level
a - Freeze                Ice            100%       1d10      1%          1
b - Frozen Ramparts       Ice            56%        1d9       1%          3
c - Ozocubu's Armour      Ice            28%        N/A       1%          3

Your spell library contained the following spells:

 Spells                   Type           Power      Damage    Failure   Level
 Beastly Appendage        Tmut           22%        N/A       6%          1
 Wereblood                Tmut           11%        N/A       9%          2
 Spider Form              Tmut/Pois      11%        N/A       19%         3
 Vhi's Electric Charge    Tloc/Air       22%        N/A       19%         3
 Summon Ice Beast         Ice/Summ       19%        N/A       21%         4
 Arcjolt                  Conj/Air       5%         1d15      86%         5
 Maxwell's Capacitive Co  Air            5%         ∞         100%        8


Dungeon Overview and Level Annotations

Branches:
Dungeon (6/15)
 Temple: D:4-7

Altars:
Elyvilon
Xom


Innate Abilities, Weirdness & Mutations

You have very sharp teeth.
Your uncanny sense of smell can sniff out nearby items.
Your experience applies equally to all skills.


Message History

Confirm with . or Enter, or press ? or * to list all spells.
A film of ice covers your body!
The wall freezes the two-headed ogre.
Unknown command.
Unknown command.
Your +2 sling of freezing stops glowing.
The +5 dagger "Jibusipt" {venom, rPois} begins to drip with poison!
q - the +5 dagger "Jibusipt" (weapon)
{venom, rPois} Unknown command.
You hit the two-headed ogre.
The two-headed ogre is poisoned.
You bite the two-headed ogre, but do no damage.
The two-headed ogre is lightly wounded.
The wall freezes the two-headed ogre.
The two-headed ogre hits you with a +0 giant spiked club.
The two-headed ogre hits you with a +0 dire flail!!
You hit the two-headed ogre.
The two-headed ogre looks as sick as possible!
You bite the two-headed ogre, but do no damage.
The two-headed ogre is moderately wounded.
You hit the two-headed ogre.
The two-headed ogre looks as sick as possible!
The two-headed ogre is heavily wounded.
The wall freezes the two-headed ogre.
The two-headed ogre hits you with a +0 giant spiked club.
The two-headed ogre misses you.
You are too injured to fight recklessly!
You are too injured to fight recklessly!
You are too injured to fight recklessly!
You hit the two-headed ogre but do no damage.
The two-headed ogre looks as sick as possible!
You bite the two-headed ogre, but do no damage.
The two-headed ogre is heavily wounded.
The frozen ramparts melt away.
Unknown command.
Unknown command.
You hit the two-headed ogre.
The two-headed ogre looks as sick as possible!
The two-headed ogre is severely wounded.
The two-headed ogre hits you with a +0 giant spiked club!!
Ouch! That really hurt!
You die...

######### ##.......#####
#..........#.# #............##
########......##########
##.##...........#
##..###........... #### ##@†##
#........### ######..###O)##
##.#####...# ###............###
#..###....# ##........).).....##
#..##......
##..................###..##......
#....................###.#.......
............).........##.........
#.....................##.........
##.(..................##...).....


You could see a two-headed ogre (extremely poisoned).

Vanquished Creatures
  A water moccasin (D:5)
  An ice beast (D:5)
  A necrophage (D:6)
  A hound (D:5)
  A jelly (D:5)
  4 iguanas (D:5)
  2 orc wizards
  5 adders
  A worm (D:3)
  10 orcs
  6 ball pythons
  9 bats
  3 endoplasms (D:1)
  5 giant cockroaches
  8 goblins
  3 hobgoblins
  3 quokkas
  2 frilled lizards (D:1)
  7 kobolds
  4 rats
  A butterfly (D:5)
78 creatures vanquished.

Notes
Turn   | Place    | Note
-------+----------+-------------------------------------------
     0 | D:1      | gruber the Gnoll Ice Elementalist began the quest for the
                  | Orb.
     0 | D:1      | Reached XP level 1. HP: 13/13 MP: 6/6
   174 | D:1      | Reached XP level 2. HP: 19/19 MP: 3/7
   415 | D:1      | Reached skill level 5 in Spellcasting
   415 | D:1      | Reached XP level 3. HP: 25/25 MP: 0/9
   793 | D:2      | Learned a level 3 spell: Frozen Ramparts
   797 | D:2      | Learned a level 3 spell: Ozocubu's Armour
  1059 | D:2      | Reached skill level 1 in Invocations
  1143 | D:2      | Reached skill level 1 in Fighting
  1143 | D:2      | Reached skill level 1 in Short Blades
  1143 | D:2      | Reached skill level 1 in Long Blades
  1143 | D:2      | Reached skill level 1 in Axes
  1143 | D:2      | Reached skill level 1 in Maces & Flails
  1143 | D:2      | Reached skill level 1 in Polearms
  1143 | D:2      | Reached skill level 1 in Staves
  1143 | D:2      | Reached skill level 1 in Ranged Weapons
  1143 | D:2      | Reached skill level 1 in Throwing
  1143 | D:2      | Reached skill level 1 in Armour
  1143 | D:2      | Reached skill level 1 in Shields
  1143 | D:2      | Reached skill level 1 in Unarmed Combat
  1143 | D:2      | Reached skill level 1 in Evocations
  1423 | D:2      | Reached XP level 4. HP: 31/32 MP: 7/11
  1841 | D:3      | Reached skill level 1 in Conjurations
  1841 | D:3      | Reached skill level 1 in Hexes
  1841 | D:3      | Reached skill level 1 in Summonings
  1841 | D:3      | Reached skill level 1 in Necromancy
  1841 | D:3      | Reached skill level 1 in Translocations
  1841 | D:3      | Reached skill level 1 in Transmutations
  1841 | D:3      | Reached skill level 1 in Fire Magic
  1841 | D:3      | Reached skill level 1 in Air Magic
  1841 | D:3      | Reached skill level 1 in Earth Magic
  1841 | D:3      | Reached skill level 1 in Poison Magic
  2012 | D:3      | Identified the +5 dagger "Jibusipt" {venom, rPois}
  2591 | D:4      | Found a white marble altar of Elyvilon.
  2914 | D:5      | Entered Level 5 of the Dungeon
  2914 | D:5      | Found a shimmering altar of Xom.
  2922 | D:5      | Reached XP level 5. HP: 37/37 MP: 5/12
  3112 | D:5      | Noticed a water moccasin
  3119 | D:5      | Killed a water moccasin
  3120 | D:5      | Reached skill level 5 in Dodging
  3120 | D:5      | Reached XP level 6. HP: 44/44 MP: 7/14
  3227 | D:5      | Noticed an ice beast
  3249 | D:5      | Killed an ice beast
  3276 | D:5      | Reached XP level 7. HP: 37/50 MP: 11/15
  3752 | D:6      | Noticed a two-headed ogre
  3759 | D:6      | Mangled by a two-headed ogre

Illustrated notes

Levels and vault maps discovered:
D:1:      dpeg_arrival_pits, layout_rooms
D:2:      layout_loops_corners
D:3:      layout_loops_cross, kennysheep_decorative_pillar, minivault_19
D:4:      layout_basic, nicolae_elyvilon_temple_path, grunt_decor_arrowhead
D:5:      layout_rooms, xom_butterflies
D:6:      cheibrodos_fzero, layout_cave_pods, grunt_qazlal_clouds,
          gammafunk_ghost_cemetery, kennysheep_potato

Skill      XL: |  1  2  3  4  5  6  7 |
---------------+----------------------+-----
Spellcasting   | 5 |  5.6
Invocations    | 1 2 |  2.8
Fighting       | 1 2 |  2.5
Short Blades   | 1 2 |  2.5
Long Blades    | 1 2 |  2.5
Axes           | 1 2 |  2.5
Maces & Flails | 1 2 |  2.5
Polearms       | 1 2 |  2.5
Staves         | 1 2 |  2.5
Ranged Weapons | 1 2 |  2.5
Throwing       | 1 2 |  2.5
Armour         | 1 2 |  2.5
Shields        | 1 2 |  2.5
Unarmed Combat | 1 2 |  2.5
Evocations     | 1 2 |  2.5
Conjurations   | 1 2 |  2.1
Hexes          | 1 2 |  2.1
Summonings     | 1 2 |  2.1
Necromancy     | 1 2 |  2.1
Translocations | 1 2 |  2.1
Transmutations | 1 2 |  2.1
Fire Magic     | 1 2 |  2.1
Air Magic      | 1 2 |  2.1
Earth Magic    | 1 2 |  2.1
Poison Magic   | 1 2 |  2.1
Dodging        | 5 |  5.3
Stealth        | |  4.9
Ice Magic      | |  7.4

Action                   |  1- 3 |  4- 6 |  7- 9 || total
-------------------------+-------+-------+-------++-------
Melee: Unarmed           |     7 |       |       ||     7
       Dagger            |     7 |    12 |     9 ||    28
       Bite              |     1 |       |     4 ||     5
       Punch             |       |     1 |       ||     1
 Fire: Sling             |    13 |    68 |    25 ||   106
 Cast: Freeze            |    35 |     6 |       ||    41
       Frozen Ramparts   |     1 |     5 |     4 ||    10
       Ozocubu's Armour  |       |     4 |     2 ||     6
 Stab: Sleeping          |     1 |       |       ||     1
Armor: Robe              |    17 |     8 |     2 ||    27
Dodge: Dodged            |    33 |    16 |     9 ||    58

Table legend: (Time is in decaauts)
 A = Elapsed time spent in this place.
 B = Non-inter-level travel time spent in this place.
 C = Inter-level travel time spent in this place.
 D = Time resting spent in this place.
 E = Time spent auto-exploring this place.
 F = Levels seen in this place.
 G = Mean time per level.
                   A        B        C        D        E       F      G
               +--------+--------+--------+--------+--------+-----+--------+
         Total |   3784 |   3581 |    203 |     13 |   3131 |   6 |  630.7 |
       Dungeon |   3784 |   3581 |    203 |     13 |   3131 |   6 |  630.7 |
               +--------+--------+--------+--------+--------+-----+--------+

Top non-repeatable levels by time:
     D:2: 946 daAuts
     D:1: 781 daAuts
     D:5: 658 daAuts
     D:4: 603 daAuts
     D:3: 596 daAuts
     D:6: 197 daAuts
